 Dungeon Crawl Stone Soup version 0.22-a0-422-g9628fc8 (webtiles) character file.

16 Kairos the Skirmisher (level 2, 16/16 HPs)
             Began as a Vine Stalker Fighter on May 17, 2018.
             Quit the game on level 1 of the Dungeon.
             The game lasted 00:00:47 (556 turns).

Kairos the Skirmisher (Vine Stalker Fighter)         Turns: 556, Time: 00:00:48

Health: 16/16      AC:  6    Str: 18    XL:     2   Next: 54%
Magic:  3/3        EV:  7    Int:  8    God:
Gold:   53         SH:  9    Dex: 13    Spells: 1/1 levels left

rFire    . . .     SeeInvis .   a - +0 war axe
rCold    . . .     Gourm    .   c - +0 shield
rNeg     . . .     Faith    .   b - +0 scale mail
rPois    .         Spirit   +   (no helmet)
rElec    .         Reflect  .   (no cloak)
rCorr    .         Harm     .   (no gloves)
MR       .....                  (no boots)
Stlth    ..........             (no amulet)
HPRegen  0.05/turn              (no ring)
MPRegen  0.08/turn              (no ring)

@: very slightly contaminated
A: fangs 2, magic shield, antimagic bite, no potion heal 3, rot immunity
a: no special abilities


You were on level 1 of the Dungeon.
You were not hungry.

You visited 1 branch of the dungeon, and saw 1 of its levels.

You collected 53 gold pieces.

Inventory:

Hand Weapons
 a - a +0 war axe (weapon)
Armour
 b - a +0 scale mail (worn)
 c - a +0 shield (worn)
Potions
 d - a potion of might
Comestibles
 f - 5 rations


   Skills:
 + Level 3.0 Fighting
 + Level 1.9 Axes
 + Level 2.6 Armour
 + Level 2.9 Shields


You had one spell level left.
You didn't know any spells.
Your spell library was empty.

Dungeon Overview and Level Annotations

Branches:
Dungeon (1/15)

Altars:


Innate Abilities, Weirdness & Mutations

You have extremely sharp teeth.
When hurt, damage is shared between your health and your magic reserves.
Your bite disrupts and absorbs the magic of your enemies.
Potions cannot restore your health.
You are immune to rotting.


Message History

Press: ? - help, Dir - move target cursor, f - you Are you sure you want to cancel this blink?
Blink to where?
Press: ? - help, Dir - move target cursor, f - you Are you sure you want to cancel this blink?
Blink to where?
Press: ? - help, Dir - move target cursor, f - you Are you sure you want to cancel this blink?
Blink to where?
Press: ? - help, Dir - move target cursor, f - you Are you sure you want to cancel this blink?
Blink to where?
Press: ? - help, Dir - move target cursor You are very lightly contaminated with residual magic.
As you read the scroll labeled GIACUOXENN, it crumbles to dust.
It was a scroll of blinking.
As you read the scroll labeled ZUMEUG TAGH, it crumbles to dust.
It is a scroll of identify.
You don't have any unidentified items.
Are you sure you want to abandon this character and quit the game? (Confirm with "yes".)

##...####.#.........####.###
#..................# #..#
#..#######...#########.##
#..# #...##.....##.# #..#
#.#..+..⌠..##.# #..#
#.##.#.....##.#### #..#
#....#..8..##.##.# #..#
#....#.....##.##.# #..#
#@...§..⌠..##.##.#
#..#######..###.....##.##.#
#.......>#..# ########.##.#
#.######....# #...####'##.#
#..# #..#.# #...##...##.#
##.# #..#.# #.>.##.<.##.#
#.# #..#(# #...##...##.. #.#
#..#.###...#########
#.#####.....##...##


There were no monsters in sight!

Vanquished Creatures
  A leopard gecko (D:1)
  A bat (D:1)
  2 giant cockroaches (D:1)
  3 goblins (D:1)
  2 kobolds (D:1)
  A ball python (D:1)
  3 frilled lizards (D:1)
13 creatures vanquished.

Notes
Turn   | Place    | Note
-------+----------+-------------------------------------------
     0 | D:1      | Kairos the Vine Stalker Fighter began the quest for the Orb.
     0 | D:1      | Reached XP level 1. HP: 11/11 MP: 2/2
   101 | D:1      | Reached XP level 2. HP: 13/16 MP: 3/3
   231 | D:1      | Reached skill level 3 in Fighting
   556 | D:1      | Quit the game

Vault maps used:
D:1:      dpeg_arrival_simpleton_b

Skill      XL: |  1  2 |
---------------+-------+-----
Fighting       | 3 |  3.0
Axes           | |  1.9
Armour         | |  2.6
Shields        | |  2.9

Action                   || total
-------------------------++-------
Melee: War axe           ||    33
       Bite              ||     6
  Use: Scroll            ||     2
Armor: Scale mail        ||    10
Dodge: Dodged            ||    10
Block: Shield            ||    15

Table legend:
 A = Spawn XP
 B = Non-spawn XP
 C = Spawn XP percentage of total XP
 D = Spawn monster count
 E = Non-spawn monster count
 F = Spawn count percentage of total count
 G = Total turns spent on level
                    A         B        C        D         E        F      G
               +---------+---------+-------+---------+---------+-------+---------
         Total |       0 |      23 |   0.0 |       0 |      13 |   0.0 |   556
               +---------+---------+-------+---------+---------+-------+---------
           D:1 |       0 |      23 |   0.0 |       0 |      13 |   0.0 |   556
               +---------+---------+-------+---------+---------+-------+---------
